 Dungeon Crawl Stone Soup version 0.24-a0-157-g36218c0 (webtiles) character file.

Game seed: 0

107059 MatthieuS the Eclecticist (level 15, -5/92 HPs)
             Began as a Deep Elf Fire Elementalist on Mar 4, 2019.
             Was a High Priest of Vehumet.
             Shot with a bolt by a naga sharpshooter (14 damage)
             ... on level 1 of the Snake Pit.
             The game lasted 01:50:25 (32249 turns).

MatthieuS the Eclecticist (DEFE)                   Turns: 32249, Time: 01:50:26

Health: -5/92      AC: 12    Str: 10    XL:     15   Next: 99%
Magic:  17/45      EV: 21    Int: 27    God:    Vehumet [*****.]
Gold:   1223       SH:  5    Dex: 15    Spells: 6/45 levels left

rFire    + + +     SeeInvis .   N - +1 spear of Grandeur {drain, rPois rF+++ rN+ MR-}
rCold    . . .     Gourm    .   n - +0 buckler
rNeg     + . .     Faith    +   W - +0 troll leather armour
rPois    +         Spirit   .   K - +2 hat {MR+}
rElec    .         Reflect  .   k - scarf {cloud immunity}
rCorr    .         Harm     .   r - +2 pair of gloves
MR       +++..                  z - +2 pair of boots
Stlth    ++++......             y - amulet of faith {!P}
HPRegen  0.65/turn              A - ring of magical power
MPRegen  0.29/turn              t - ring "Koymne" {*Contam +Fly MR++ Int+5}

@: lethally poisoned (-5 -> -5), about to teleport, studying Earth Magic
A: no striking features
a: Renounce Religion, Evoke Flight


You were on level 1 of the Snake Pit.
You worshipped Vehumet.
Vehumet was extremely pleased with you.
You were full.

You visited 5 branches of the dungeon, and saw 25 of its levels.
You also visited: Bailey and Ice Cave.

You collected 3063 gold pieces.
You spent 1840 gold pieces at shops.

Inventory:

Hand Weapons
 N - the +1 spear of Grandeur (weapon) {drain, rPois rF+++ rN+ MR-}
   (You bought it in a shop on level 2 of the Orcish Mines)

   A truly terrible weapon, it drains the life of those it strikes.
   It renders you almost immune to fire.
   It protects you from poison.
   It protects you from negative energy.
   It affects your resistance to hostile enchantments.
Missiles
 p - 5 throwing nets (quivered) {!f}
Armour
 k - a scarf of cloud immunity (worn)
   (You found it on level 8 of the Dungeon)
 n - a +0 buckler (worn)
   (You found it on level 3 of the Lair of Beasts)
 r - a +2 pair of gloves (worn)
   (You found it on level 2 of the Dungeon)
 z - a +2 pair of boots (worn)
   (You found it on level 1 of the Lair of Beasts)
 B - +5 steam dragon scales
   (You found it in a bailey)
 K - a +2 hat of magic resistance (worn)
   (You found it on level 4 of the Lair of Beasts)
 W - a +0 troll leather armour (worn)
   (You found it on level 14 of the Dungeon)
Magical Staves
 s - an uncursed staff of energy {!a}
   (You found it on level 6 of the Lair of Beasts)
 u - an uncursed staff of earth
   (You found it on level 15 of the Dungeon)
 G - an uncursed staff of conjuration {!a}
   (You found it in an ice cave)
 L - an uncursed staff of fire
   (You found it on level 4 of the Lair of Beasts)
 Q - an uncursed staff of power {!a}
   (You found it on level 11 of the Dungeon)
Jewellery
 a - an uncursed ring of positive energy
   (You found it on level 1 of the Lair of Beasts)
 t - the ring "Koymne" (right hand) {*Contam +Fly MR++ Int+5}
   (You bought it in a shop on level 1 of the Orcish Mines)

   [ring of flight]

   It affects your intelligence (+5).
   It affects your resistance to hostile enchantments.
   It lets you fly.
   It causes magical contamination when unequipped.
 y - an amulet of faith (around neck) {!P}
   (You found it on level 3 of the Dungeon)
 A - a ring of magical power (left hand)
   (You bought it in a shop on level 1 of the Orcish Mines)
 I - an uncursed amulet of magic regeneration
   (You found it on level 1 of the Lair of Beasts)
 R - an uncursed ring of poison resistance
   (You found it on level 6 of the Lair of Beasts)
 S - an uncursed ring of protection from fire
   (You found it on level 1 of the Lair of Beasts)
 T - an uncursed ring of wizardry
   (You found it on level 6 of the Lair of Beasts)
Wands
 c - a wand of disintegration (25)
   (You found it on level 1 of the Snake Pit)
 d - a wand of polymorph (8)
   (You found it on level 14 of the Dungeon)
 v - a wand of digging (1)
   (You took it off Harold on level 1 of the Orcish Mines)
 x - a wand of acid (11)
   (You found it in an ice cave)
Scrolls
 f - 8 scrolls of remove curse {@r2}
 j - 5 scrolls of magic mapping
 C - 3 scrolls of fog
 E - 4 scrolls of immolation {!r}
 H - 4 scrolls of fear
 J - 5 scrolls of identify {@r1}
 P - 3 scrolls of amnesia
 Y - 10 scrolls of teleportation {@r4}
Potions
 b - 4 potions of magic
 h - 6 potions of brilliance
 i - 3 potions of lignification {!q}
 l - a potion of cancellation
 m - 4 potions of curing {@q1}
 o - 7 potions of flight
 q - 3 potions of haste {@q3}
 w - 2 potions of might
 M - a potion of resistance
 O - 2 potions of invisibility
 V - a potion of agility
Books
 D - a manual of Earth Magic {!d}
   (You found it on level 6 of the Dungeon)
Miscellaneous
 U - a phantom mirror
Comestibles
 e - 19 rations


   Skills:
 + Level 10.2 Fighting
 + Level 14.1 Dodging
 - Level 10.0 Stealth
 - Level 4.0 Shields
 + Level 15.7 Spellcasting
 + Level 13.4 Conjurations
 - Level 4.0 Hexes
 + Level 13.7 Fire Magic
 - Level 5.0 Poison Magic


You had 6 spell levels left.
You knew the following spells:

 Your Spells              Type           Power        Failure   Level  Hunger
a - Flame Tongue          Conj/Fire      #####        0%          1    None
c - Inner Flame           Hex/Fire       ######..     1%          3    None
d - Conjure Flame         Conj/Fire      #######.     1%          3    None
e - Orb of Destruction    Conj           #######...   3%          7    #####..
f - Poison Arrow          Conj/Pois      ######....   3%          6    ####...
g - Bolt of Fire          Conj/Fire      #######...   1%          6    ####...
h - Blink                 Tloc           N/A          4%          2    None
i - Apportation           Tloc           ###...       3%          1    None
q - Sticky Flame          Conj/Fire      #######.     1%          4    None
x - Fireball              Conj/Fire      #######...   1%          5    None
z - Animate Skeleton      Necr           N/A          3%          1    None

Your spell library contained the following spells:

 Spells                   Type           Power        Failure   Level  Hunger
 Magic Dart               Conj           ####         0%          1    None
 Throw Flame              Conj/Fire      ######       0%          2    None
 Confusing Touch          Hex            #####.       1%          1    None
 Slow                     Hex            #####...     1%          2    None
 Mephitic Cloud           Conj/Pois/Air  ######..     1%          3    None
 Infusion                 Chrm           ###.         3%          1    None
 Pain                     Necr           ###.         3%          1    None
 Summon Small Mammal      Summ           ###.         3%          1    None
 Call Imp                 Summ           ###.....     4%          2    None
 Shroud of Golubria       Chrm/Tloc      ###.......   4%          2    None
 Song of Slaying          Chrm           ###.....     4%          2    None
 Spectral Weapon          Hex/Chrm       ####....     4%          3    None
 Summon Guardian Golem    Hex/Summ       ####....     4%          3    None
 Cause Fear               Hex            #####.....   6%          4    None
 Bolt of Cold             Conj/Ice       ######....   9%          6    ####...
 Call Canine Familiar     Summ           ###.....     10%         3    None
 Regeneration             Chrm/Necr      ###.......   10%         3    None
 Vampiric Draining        Necr           ###.......   10%         3    None
 Yara's Violent Unravell  Hex/Tmut       ####......   11%         5    None
 Freezing Cloud           Conj/Ice/Air   #####.....   21%         6    ####...
 Animate Dead             Necr           N/A          32%         4    None
 Ice Form                 Ice/Tmut       ###.....     32%         4    None
 Summon Ice Beast         Ice/Summ       ###.....     32%         4    None
 Summon Lightning Spire   Summ/Air       ###.....     32%         4    None
 Metabolic Englaciation   Hex/Ice        ####......   36%         5    None
 Silence                  Hex/Air        ####......   36%         5    None
 Ozocubu's Refrigeration  Ice            ###.......   73%         6    ####...
 Deflect Missiles         Chrm/Air       ###.......   99%         6    ####...
 Simulacrum               Ice/Necr       ###.......   99%         6    ####...
 Discord                  Hex            #####.....   100%        8    #######


Dungeon Overview and Level Annotations

Branches:
Dungeon (15/15)            Temple (1/1) D:5            Lair (6/6) D:11
 Shoals (0/4) Lair:4        Snake (1/4) Lair:3        Slime (0/5) Lair:6
    Orc (2/2) D:9             Elf (0/3) Orc:2        Vaults (0/5) D:13
 Depths (0/5) D:15

Altars:
Cheibriados
Vehumet
Beogh
Jiyva

Shops:
D:14 !   Orc:1 =}%(   Orc:2 %([%

Annotations:
Lair:6 1 runed translucent door
Snake:1 4 transporters


Message History

* * * LOW HITPOINT WARNING * * *
The naga sharpshooter mumbles some strange words.
The naga sharpshooter magically shoots a bolt.
The bolt hits you!
* * * LOW HITPOINT WARNING * * *
The black mamba is engulfed in blazing flames.
The black mamba bites you.
* * * LOW HITPOINT WARNING * * *
The black mamba is engulfed in blazing flames.
The black mamba barely misses you.
As you read the scroll of fear, it crumbles to dust.
You assume a fearsome visage.
The salamander mystic resists with some effort.
The black mamba looks frightened!
The naga resists with some effort.
The naga mage looks frightened!
The shock serpent looks frightened!
The black mamba looks frightened!
The salamander looks frightened!
The naga sharpshooter resists with some effort.
The naga warrior looks frightened!
The naga mage looks frightened!
The black mamba looks frightened!
The shock serpent is engulfed in blazing flames.
The shock serpent's electric aura discharges, shocking you!
* * * LOW HITPOINT WARNING * * *
The black mamba is engulfed in blazing flames. x3
The salamander mystic completely misses you.
The black mamba is engulfed in blazing flames.
You feel better. The naga spits poison at you. The splash of poison misses you.
The salamander reads a scroll.
The salamander looks slightly unstable.
The salamander mystic casts a spell at the naga.
The naga seems to speed up.
The naga sharpshooter spits poison at you.
The splash of poison hits you but does no damage.
You resist.
As you read the scroll of teleportation {@r4}, it crumbles to dust.
You feel strangely unstable. The salamander mystic misses you.
You blink.
The salamander mystic points at the naga sharpshooter and mumbles some strange words.
The naga sharpshooter seems to speed up.
The naga mage gestures at you while chanting.
The poison arrow hits you!
You are poisoned.
You partially resist.
* * * LOW HITPOINT WARNING * * *
The naga completely misses you. The naga misses you.
You blink.
You feel sick.
The salamander disappears!
The naga sharpshooter mumbles some strange words.
The naga sharpshooter magically shoots a bolt.
The bolt hits you!
You die...

#...# #...# ....# #<..# ##...
#...####...# ##.......#.####
#####.^).[.........
#.......#####...####
#...(..##.(§#####..#
#.....##..☼N§N.@...# .#
####..#..N○§☼§©....# #.# #
#..#...○§☼......S..#.####..
#..#..N.#...#..N#..#......(..
#####..##.§##...##..####....##...
...##...#©..)#.#N..©#..⌠..# #..#
...#...©#.....#S....#©....# ...#
........#©...#.#N..©#..⌠..##...#
#......##..##...##..####..#....#


You could see a naga sharpshooter, a salamander mystic (inner flame), a black
mamba (inner flame), 2 naga magi and a naga (inner flame).

Vanquished Creatures
  Rupert (Orc:2)
  Kirke (Lair:4)
  A frost giant (IceCv)
  An orc warlord (Orc:1)
  Azrael (D:15)
  2 fire dragons
  The ghost of Wombat the Cleaver, a journeyman FoFi of Makhleb (Lair:6)
  Fannar (D:10)
  10 hydras
  Erolcha (D:10)
  Harold (Orc:1)
  Erica (Orc:1)
  2 anacondas (Snake:1)
  2 centaur warriors
  A death knight (D:12)
  8 two-headed ogres
  A tengu warrior (D:14)
  An ogre mage (D:13)
  7 death yaks
  A naga sharpshooter (Snake:1)
  Nergalle (Lair:4)
  A shock serpent (shapeshifter) (D:15)
  4 unseen horrors
  A glowing orange brain (D:15)
  A harpy (shapeshifter) (D:9)
  6 orc knights
  3 deep elf magi
  A lindwurm (Lair:6)
  A mana viper (Snake:1)
  An orc sorcerer (Orc:1)
  A wolf spider zombie (D:14)
  10 ugly things
  4 oklob plants (Lair:4)
  A cyclops (Orc:1)
  A black mamba (shapeshifter) (D:15)
  A manticore (D:14)
  A centaur zombie (D:14)
  9 black mambas
  Psyche (D:8)
  Maurice (D:10)
  3 gargoyles
  13 spiny frogs
  2 naga magi (Snake:1)
  2 molten gargoyles (Lair:5)
  An ice statue (IceCv)
  4 centaur skeletons
  6 komodo dragons
  A freezing wraith (D:15)
  7 rime drakes
  2 trolls
  A troll (shapeshifter) (D:15)
  A tengu conjurer (D:15)
  8 polar bears
  A meliai (D:12)
  24 blink frogs
  4 slime creatures (D:15)
  A snapping turtle (Lair:4)
  11 dream sheep
  9 hippogriffs
  A redback (shapeshifter) (D:13)
  2 shadows
  A spriggan (D:7)
  A vampire (D:12)
  7 wyverns
  3 fire elementals (D:15)
  4 hogs (Lair:4)
  4 basilisks
  55 yaks
  A steam dragon (Lair:6)
  A hungry ghost (D:9)
  7 wargs
  2 vampire mosquitoes (D:15)
  8 nagas
  13 water moccasins
  A soldier ant (D:13)
  11 porcupines
  5 hell hounds
  50 orc warriors
  4 sky beasts
  An eye of draining (D:14)
  An ice beast (D:9)
  2 black bears
  17 ogres
  2 phantoms (D:10)
  2 necrophages
  29 wolves
  4 centaurs (D:12)
  15 crocodiles
  2 big kobolds
  2 wyvern zombies
  13 bullfrogs
  A wyvern skeleton (D:13)
  2 scorpions
  3 howler monkeys (D:8)
  9 wights
  2 crimson imps
  A quasit (D:11)
  A bullfrog zombie (D:7)
  4 lava snakes (Lair:6)
  6 hounds
  9 orc priests
  5 bullfrog skeletons
  4 jellies
  14 orc wizards
  13 worker ants
  2 hound zombies (D:10)
  3 hound skeletons
  12 adders
  4 shadow imps
  A white imp (D:10)
  An adder skeleton (D:6)
  3 worms (D:3)
  2 dart slugs (D:1)
  6 leopard geckos
  92 orcs
  5 giant cockroaches
  8 goblins
  7 hobgoblins
  10 jackals
  6 quokkas
  4 ball pythons
  10 bats
  11 frilled lizards
  A jackal zombie (D:7)
  16 kobolds
  2 leopard gecko skeletons (D:6)
  9 rats
  A plant (Lair:4)
757 creatures vanquished.

Vanquished Creatures (collateral kills)
  A rime drake (Lair:2)
  A hell hound (D:15)
  A crocodile (Lair:2)
3 creatures vanquished.

Vanquished Creatures (others)
  An orc knight (Orc:2)
  A yak (D:13)
  A human (Lair:4)
  3 fungi
  6 plants (Lair:4)
12 creatures vanquished.

Grand Total: 772 creatures vanquished

Notes
Turn   | Place    | Note
-------+----------+-------------------------------------------
     0 | D:1      | MatthieuS the Deep Elf Fire Elementalist began the quest
                  | for the Orb.
     0 | D:1      | Reached XP level 1. HP: 10/10 MP: 6/6
   356 | D:1      | Reached XP level 2. HP: 13/15 MP: 1/8
   533 | D:1      | Learned a level 2 spell: Throw Flame
  1108 | D:2      | Reached XP level 3. HP: 19/19 MP: 8/10
  1203 | D:2      | Noticed a sky beast
  1231 | D:2      | Killed a sky beast
  1231 | D:2      | Reached skill level 4 in Spellcasting
  1231 | D:2      | Reached XP level 4. HP: 14/24 MP: 4/12
  1406 | D:2      | Reached XP level 5. HP: 24/28 MP: 5/14
  1646 | D:2      | Learned a level 3 spell: Conjure Flame
  1650 | D:2      | Learned a level 3 spell: Inner Flame
  1655 | D:2      | Learned a level 4 spell: Sticky Flame
  2655 | D:3      | Reached skill level 5 in Spellcasting
  2893 | D:4      | Reached skill level 1 in Hexes
  2921 | D:4      | Noticed an ogre
  2943 | D:4      | Killed an ogre
  2943 | D:4      | Reached XP level 6. HP: 32/32 MP: 3/15
  3070 | D:4      | Reached skill level 5 in Fire Magic
  3536 | D:4      | Reached XP level 7. HP: 36/36 MP: 4/17
  3893 | D:5      | Entered Level 5 of the Dungeon
  3913 | D:5      | Found a radiant altar of Vehumet.
  3919 | D:5      | Became a worshipper of Vehumet
  4237 | D:5      | Found a staircase to the Ecumenical Temple.
  4251 | Temple   | Entered the Ecumenical Temple
  4382 | D:5      | Reached skill level 6 in Spellcasting
  5057 | D:6      | Reached skill level 1 in Fighting
  5127 | D:6      | Reached * piety under Vehumet
  5127 | D:6      | Offered knowledge of Shock by Vehumet.
  5360 | D:7      | Reached skill level 5 in Stealth
  5360 | D:7      | Reached XP level 8. HP: 43/43 MP: 4/19
  5532 | D:7      | Reached skill level 5 in Conjurations
  5723 | D:7      | Learned a level 5 spell: Fireball
  5749 | D:7      | Reached skill level 7 in Spellcasting
  6112 | D:8      | Noticed a two-headed ogre
  6128 | D:8      | Killed a two-headed ogre
  6128 | D:8      | Reached skill level 5 in Dodging
  6128 | D:8      | Reached XP level 9. HP: 49/50 MP: 2/22
  6249 | D:8      | Found a snail-covered altar of Cheibriados.
  6302 | D:8      | Noticed Psyche
  6413 | D:8      | Killed Psyche
  6636 | D:8      | Reached skill level 8 in Spellcasting
  7582 | D:9      | Found a staircase to the Orcish Mines.
  7595 | D:9      | Found a flagged portal.
  7602 | Bailey   | Entered a bailey
  7712 | Bailey   | Reached ** piety under Vehumet
  7801 | Bailey   | Offered knowledge of Freeze by Vehumet.
  8203 | Bailey   | Reached XP level 10. HP: 56/56 MP: 8/24
  8432 | Bailey   | Noticed an orc knight
  8441 | Bailey   | Killed an orc knight
  8441 | Bailey   | Reached skill level 9 in Spellcasting
  8720 | D:9      | Noticed a two-headed ogre
  8737 | D:9      | Killed a two-headed ogre
  8885 | D:9      | Noticed a salamander
  8886 | D:9      | Noticed a harpy
  8886 | D:9      | a salamander changed into a harpy
  8892 | D:9      | Killed a harpy
  9071 | D:10     | Entered Level 10 of the Dungeon
  9516 | D:10     | Offered knowledge of Ignite Poison by Vehumet.
  9694 | D:10     | Reached *** piety under Vehumet
 10026 | D:10     | Offered knowledge of Dazzling Spray by Vehumet.
 10065 | D:10     | Noticed Maurice
 10077 | D:10     | Killed Maurice
 10302 | D:10     | Noticed Erolcha
 10307 | D:10     | Killed Erolcha
 10307 | D:10     | Reached skill level 5 in Fighting
 10307 | D:10     | Reached XP level 11. HP: 31/63 MP: 3/26
 10485 | D:10     | Noticed Fannar
 10565 | D:10     | Killed Fannar
 10565 | D:10     | Reached skill level 10 in Spellcasting
 10988 | Orc:1    | Entered Level 1 of the Orcish Mines
 10988 | Orc:1    | Noticed Harold
 10998 | Orc:1    | Killed Harold
 11152 | Orc:1    | Noticed an orc sorcerer
 11156 | Orc:1    | Paralysed by an orc sorcerer for 3 turns
 11167 | Orc:1    | Found Yduckog's Food Shop.
 11332 | D:9      | Learned a level 3 spell: Dazzling Spray
 11337 | Orc:1    | Killed an orc sorcerer
 11481 | Orc:1    | Noticed Erica
 11489 | Orc:1    | Killed Erica
 11750 | Orc:1    | Reached **** piety under Vehumet
 11942 | Orc:1    | Noticed an orc warlord
 11962 | Orc:1    | Found Miafol's Jewellery Emporium.
 12399 | D:11     | Found a frozen archway.
 12412 | D:11     | Offered knowledge of Venom Bolt by Vehumet.
 12412 | D:11     | Reached skill level 10 in Stealth
 12420 | IceCv    | Entered an ice cave
 12427 | IceCv    | Learned a level 5 spell: Venom Bolt
 12561 | IceCv    | Reached skill level 1 in Poison Magic
 12563 | IceCv    | Reached skill level 11 in Spellcasting
 12868 | IceCv    | Reached XP level 12. HP: 40/70 MP: 15/29
 12947 | IceCv    | Noticed a death yak
 12958 | IceCv    | Killed a death yak
 13523 | IceCv    | Reached skill level 10 in Fire Magic
 13544 | IceCv    | Reached ***** piety under Vehumet
 13546 | IceCv    | Offered knowledge of Bolt of Fire by Vehumet.
 13725 | IceCv    | Noticed a frost giant
 13731 | IceCv    | Reached skill level 10 in Dodging
 13735 | IceCv    | Killed a frost giant
 13757 | IceCv    | Reached skill level 10 in Conjurations
 13929 | IceCv    | Reached skill level 12 in Spellcasting
 13981 | D:11     | Learned a level 6 spell: Bolt of Fire
 13984 | D:11     | Learned a level 2 spell: Blink
 13986 | D:11     | Found a staircase to the Lair.
 14007 | Lair:1   | Entered Level 1 of the Lair of Beasts
 14375 | Lair:1   | Learned a level 1 spell: Animate Skeleton
 15584 | Lair:2   | Reached XP level 13. HP: 27/76 MP: 18/31
 16144 | Lair:2   | Offered knowledge of Lee's Rapid Deconstruction by Vehumet.
 16676 | Lair:3   | Found a staircase to the Snake Pit.
 17048 | Lair:3   | Reached skill level 1 in Shields
 18154 | Lair:4   | Reached skill level 13 in Spellcasting
 18685 | Lair:4   | Noticed Nergalle
 18690 | Lair:4   | Killed Nergalle
 18889 | Lair:4   | Found a staircase to the Shoals.
 19158 | Lair:4   | Noticed Kirke
 19163 | Lair:4   | Killed Kirke
 19820 | Lair:5   | Reached XP level 14. HP: 84/84 MP: 19/33
 20110 | Lair:5   | Offered knowledge of Poison Arrow by Vehumet.
 20808 | Lair:6   | Entered Level 6 of the Lair of Beasts
 20808 | Lair:6   | Found a runed translucent door.
 21227 | Lair:6   | Found a large runed translucent door.
 21228 | Lair:6   | Found a large runed translucent door.
 21243 | Lair:6   | Noticed Wombat's ghost (journeyman FoFi)
 21279 | Lair:5   | Learned a level 6 spell: Poison Arrow
 21543 | Lair:6   | Found a viscous altar of Jiyva.
 21826 | Lair:6   | Noticed an azure jelly
 21827 | Lair:6   | Found a staircase to the Slime Pits.
 21909 | Lair:6   | Reached skill level 14 in Spellcasting
 22613 | Lair:6   | Offered knowledge of Iron Shot by Vehumet.
 23239 | Lair:6   | Found a large runed translucent door.
 23240 | Lair:6   | Found a large runed translucent door.
 23608 | Lair:6   | Killed Wombat's ghost
 23903 | Orc:1    | Killed an orc warlord
 24094 | Orc:1    | Found Loaga's Weapon Shoppe.
 24403 | Orc:1    | Bought the ring "Koymne" {*Contam +Fly MR++ Int+5} for 567
                  | gold pieces
 24403 | Orc:1    | Bought an uncursed ring of magical power for 300 gold
                  | pieces
 24415 | Orc:2    | Entered Level 2 of the Orcish Mines
 24877 | Orc:2    | Noticed Rupert
 24881 | Orc:2    | Killed Rupert
 25111 | Orc:2    | Reached XP level 15. HP: 87/90 MP: 3/35
 25332 | Orc:2    | Offered knowledge of Conjure Ball Lightning by Vehumet.
 25695 | Orc:2    | Found a roughly hewn altar of Beogh.
 25722 | Orc:2    | Found Odwah's Food Shoppe.
 25722 | Orc:2    | Found Koeblaol's Armour Shop.
 26128 | Orc:2    | Found a staircase to the Elven Halls.
 26251 | Orc:2    | Found Veumo's Weapon Shoppe.
 26251 | Orc:2    | Found Zaza's Food Shop.
 26274 | Orc:2    | Bought the cursed +1 spear of Grandeur {drain, rPois rF+++
                  | rN+ MR-} for 643 gold pieces
 26391 | Orc:1    | Found Xiter's Gadget Emporium.
 26430 | Orc:1    | Reached skill level 5 in Poison Magic
 27283 | D:12     | Got a topaz-encrusted leather armour
 27294 | D:12     | Identified the +3 leather armour of Hadjma {rPois} (You
                  | found it on level 12 of the Dungeon)
 27410 | D:12     | Offered knowledge of Spellforged Servitor by Vehumet.
 28395 | D:13     | Reached skill level 15 in Spellcasting
 28588 | D:13     | Found a gate to the Vaults.
 29330 | D:14     | Offered knowledge of Orb of Destruction by Vehumet.
 29670 | D:14     | Learned a level 7 spell: Orb of Destruction
 29672 | D:14     | Learned a level 1 spell: Apportation
 29726 | D:14     | Found the +10 dark maul {crush}
 29855 | D:14     | Found Cawext's Distillery.
 29859 | D:14     | Bought a potion of brilliance for 40 gold pieces
 29859 | D:14     | Bought a potion of curing for 30 gold pieces
 29859 | D:14     | Bought a potion of invisibility for 80 gold pieces
 29859 | D:14     | Bought a potion of brilliance for 40 gold pieces
 29859 | D:14     | Bought a potion of haste for 100 gold pieces
 29859 | D:14     | Bought a potion of agility for 40 gold pieces
 30340 | D:15     | Entered Level 15 of the Dungeon
 30545 | D:15     | Noticed Azrael
 30565 | D:15     | HP: 3/92 [Azrael/damnation (42)]
 30843 | D:15     | Killed Azrael
 30996 | D:15     | Reached skill level 10 in Fighting
 31388 | D:15     | Found a staircase to the Depths.
 31922 | Snake:1  | Entered Level 1 of the Snake Pit
 31937 | Snake:1  | Found a transporter.
 31937 | Snake:1  | Found a transporter.
 32161 | Snake:1  | Got a shimmering scale mail
 32162 | Snake:1  | Identified the +6 scale mail of Subjectivity {rElec} (You
                  | found it on level 1 of the Snake Pit)
 32225 | Snake:1  | Found a transporter.
 32227 | Snake:1  | Found a transporter.
 32229 | Snake:1  | Found a transporter.
 32229 | Snake:1  | Identified the +9 scythe "Ruqu Vau" {elec, +Blink rC+ Str+4
                  | Dex-4}
 32249 | Snake:1  | Shot with a bolt by a naga sharpshooter

Levels and vault maps discovered:
D:1:      dpeg_arrival_round_c, layout_basic
D:2:      layout_loops_ring
D:3:      minmay_door_path, layout_basic
D:4:      layout_basic, first_ration, minmay_strange_pillars, grunt_ministairs_5
D:5:      minmay_spotlight, layout_basic, vehumet_altar_wand_db,
          minmay_temple_entry_wispy, grunt_decor_arrowhead
D:6:      layout_loops_ring, minmay_manual_monstrance
D:7:      layout_gridville, the_bakery
D:8:      layout_cave_pools, basic_altar, uniq_psyche
D:9:      layout_roguey, orc_0_dummy, enter_bailey_1,
          eino_small_chamber_without_monster, kennysheep_generic_room_13
D:10:     layout_grid_maze, minmay_fire_ice_demons, uniq_maurice, uniq_fannar,
          uniq_erolcha
D:11:     layout_gridville, lair_entry_dummy, portal_ice_cave_rime
D:12:     minmay_ornate_pinched, layout_basic
D:13:     layout_rooms, david_vaults_2
D:14:     layout_basic, minivault_25, serial_shops, nicolae_shop_stone,
          lemuel_flamethrower_hall
D:15:     gammafunk_enter_depths_forms, layout_loops_cross,
          serial_bayou_shore_b, uniq_azrael
Temple:   kilobyte_greek_temple
Lair:1:   layout_regular_city, infiniplex_staircase_pool, serial_bayou_shore_b,
          grunt_megastairs_2
Lair:2:   layout_hall_layers
Lair:3:   layout_cave_shapes, guppyfry_snake_entry_island
Lair:4:   layout_gridlike, minmay_shoals_entry_hut, minmay_lair_oklob_chamber,
          grunt_megastairs_5, infiniplex_staircase_pool_2, lemuel_fruit_fields,
          serial_bayou_shore_a, uniq_nergalle, uniq_kirke
Lair:5:   layout_layer_cave, grunt_megastairs_1
Lair:6:   cheibrodos_lair_end_hotspot, layout_gridlike, slime_altar_2,
          ebering_ghost_disaster_area, chequers_serial_rivers_micro_c
Snake:1:  gammafunk_the_bubble [the_bubble_gammafunk_roulette],
          layout_misc_corridors, ebering_ghost_gozag
Orc:1:    layout_diamond_mine, serial_shops, shop, shop_statue, shop,
          nicolae_shop_behind_doors, guppyfry_library_mini, uniq_erica,
          uniq_harold
Orc:2:    st_orc_town, layout_caves, uniq_rupert
Bailey:   bailey_polearm_1, bailey
IceCv:    ice_cave_caverns_01

Skill      XL: |  1  2  3  4  5  6  7  8  9 10 11 12 13 14 15 |
---------------+----------------------------------------------+-----
Conjurations   | 2 3 4 5 6 8 9 10 11 12 13 | 13.4
Spellcasting   | 4 5 6 7 8 9 11 12 13 14 15 | 15.7
Fire Magic     | 4 5 6 7 8 9 10 11 12 13 | 13.7
Stealth        | 3 4 5 6 7 9 10 | 10.0
Hexes          | 1 2 4 |  4.0
Dodging        | 3 5 6 8 9 10 11 13 14 | 14.1
Fighting       | 1 3 4 5 6 7 8 9 10 | 10.2
Poison Magic   | 2 4 5 |  5.0
Shields        | 4 |  4.0

Action                   |  1- 3 |  4- 6 |  7- 9 | 10-12 | 13-15 || total
-------------------------+-------+-------+-------+-------+-------++-------
Melee: Unarmed           |    21 |     2 |    13 |       |       ||    36
       Dagger            |       |       |   109 |       |       ||   109
       Quarterstaff      |       |       |       |    54 |       ||    54
       Staff             |       |       |       |       |    97 ||    97
       Spear             |       |       |       |       |     2 ||     2
Throw: Throwing net      |       |       |    14 |       |       ||    14
 Cast: Flame Tongue      |    50 |    78 |   156 |   358 |   234 ||   876
       Throw Flame       |     6 |    36 |    96 |    95 |    87 ||   320
       Conjure Flame     |       |     2 |    14 |    28 |    12 ||    56
       Inner Flame       |       |     1 |       |    20 |    14 ||    35
       Sticky Flame      |       |       |     7 |    22 |    34 ||    63
       Fireball          |       |       |       |    52 |    61 ||   113
       Dazzling Spray    |       |       |       |     2 |       ||     2
       Animate Skeleton  |       |       |       |     6 |    16 ||    22
       Venom Bolt        |       |       |       |     2 |     1 ||     3
       Bolt of Fire      |       |       |       |       |   137 ||   137
       Blink             |       |       |       |       |    27 ||    27
       Poison Arrow      |       |       |       |       |   231 ||   231
       Orb of Destructio |       |       |       |       |    15 ||    15
Evoke: Wand              |       |       |     6 |    19 |    27 ||    52
       Staff of energy   |       |       |       |       |     1 ||     1
  Use: Scroll            |       |    14 |     9 |    16 |    19 ||    58
       Potion            |       |       |     4 |     8 |     8 ||    20
  Eat: Chunk             |     1 |     7 |    12 |    22 |    54 ||    96
       Ration            |       |       |     1 |     3 |    15 ||    19
Armor: Robe              |     7 |     4 |    51 |     3 |       ||    65
       Skin              |       |       |     8 |       |       ||     8
       Steam dragon scal |       |       |       |    58 |    84 ||   142
       Troll leather arm |       |       |       |       |    18 ||    18
Dodge: Dodged            |    29 |     9 |   121 |   258 |   396 ||   813
Block: Other             |       |       |     9 |       |       ||     9
       Buckler           |       |       |       |       |    57 ||    57

Table legend:
 A = Non-vault XP
 B = Vault XP
 C = Vault XP percentage of total XP
 D = Non-vault monster count
 E = Vault monster count
 F = Vault count percentage of total count
                 A         B        C        D         E       F
            +---------+---------+-------+---------+---------+-------
      Total |   85029 |   67913 |  44.4 |     512 |     249 |  32.7
            +---------+---------+-------+---------+---------+-------
        D:1 |      40 |       0 |   0.0 |      25 |       0 |   0.0
        D:2 |     171 |       0 |   0.0 |      20 |       0 |   0.0
        D:3 |      93 |       6 |   6.1 |      24 |       3 |  11.1
        D:4 |     433 |      34 |   7.3 |      14 |       1 |   6.7
        D:5 |     178 |     125 |  41.3 |      13 |       6 |  31.6
        D:6 |     230 |      11 |   4.6 |       6 |       3 |  33.3
        D:7 |     538 |     215 |  28.6 |      12 |       1 |   7.7
        D:8 |    2146 |     454 |  17.5 |      12 |       1 |   7.7
        D:9 |    1788 |     660 |  27.0 |      11 |       1 |   8.3
       D:10 |    1739 |    2529 |  59.3 |      32 |       5 |  13.5
       D:11 |    3077 |     702 |  18.6 |      26 |       2 |   7.1
       D:12 |    1733 |    5519 |  76.1 |      18 |      16 |  47.1
       D:13 |    7500 |    2657 |  26.2 |      27 |       3 |  10.0
       D:14 |    5649 |       0 |   0.0 |      28 |       0 |   0.0
       D:15 |    8699 |    7012 |  44.6 |      28 |      17 |  37.8
     Lair:1 |    3672 |     143 |   3.7 |      15 |       1 |   6.2
     Lair:2 |    4817 |       0 |   0.0 |      26 |       0 |   0.0
     Lair:3 |    5026 |     160 |   3.1 |      28 |       1 |   3.4
     Lair:4 |    8111 |    7676 |  48.6 |      14 |      18 |  56.2
     Lair:5 |    6130 |    2209 |  26.5 |      20 |       8 |  28.6
     Lair:6 |   13767 |    8362 |  37.8 |      41 |      24 |  36.9
    Snake:1 |    3276 |    2959 |  47.5 |      11 |       4 |  26.7
      Orc:1 |    5533 |    2483 |  31.0 |      47 |      11 |  19.0
      Orc:2 |     683 |   10453 |  93.9 |      14 |      55 |  79.7
     Bailey |       0 |    1088 | 100.0 |       0 |      16 | 100.0
      IceCv |       0 |   12456 | 100.0 |       0 |      52 | 100.0
            +---------+---------+-------+---------+---------+-------
